 Dungeon Crawl Stone Soup version 0.22.0-5-gf09313c (webtiles) character file.

235 brik the Chopper (level 6, 0/47 HPs)
             Began as a Barachi Fighter on Aug 13, 2018.
             Succumbed to a goblin's poison
             ... on level 3 of the Dungeon.
             The game lasted 00:06:29 (2412 turns).

brik the Chopper (Barachi Fighter)                  Turns: 2412, Time: 00:06:30

Health: 0/47       AC:  9    Str: 20    XL:     6   Next: 6%
Magic:  6/6        EV:  7    Int:  8    God:
Gold:   106        SH:  9    Dex: 11    Spells: 5/5 levels left

rFire    . . .     SeeInvis .   h - +1 hand axe (chop)
rCold    . . .     Gourm    +   c - +0 shield
rNeg     . . .     Faith    .   b - +0 scale mail
rPois    .         Spirit   .   (no helmet)
rElec    .         Reflect  .   q - +0 cloak
rCorr    .         Harm     .   (no gloves)
MR       .....                  e - +0 pair of boots
Stlth    ..........             n - amulet of the gourmand
HPRegen  0.15/turn              (no ring)
MPRegen  0.10/turn              (no ring)

@: lethally poisoned (0 -> -18), flying, slow
A: +LOS, swims, slowness 1, strong legs 1
a: Hop


You were on level 3 of the Dungeon.
You were full.

You visited 1 branch of the dungeon, and saw 3 of its levels.

You collected 106 gold pieces.

Inventory:

Hand Weapons
 a - a +0 long sword
 h - a +1 hand axe of chopping (weapon)
Missiles
 g - 2 tomahawks of returning (quivered)
 k - 7 tomahawks
Armour
 b - a +0 scale mail (worn)
 c - a +0 shield (worn)
 e - a +0 pair of boots (worn)
 q - a +0 cloak (worn)
Magical Staves
 p - an uncursed staff of air
Jewellery
 n - an amulet of the gourmand (around neck)
Scrolls
 i - a scroll of remove curse
 j - a scroll of blinking
 l - a scroll of enchant weapon {unknown}
 m - a scroll of teleportation
Potions
 d - 2 potions of might
 o - 2 potions of brilliance
 r - a potion of flight
Comestibles
 f - 5 rations
 s - 3 chunks of flesh


   Skills:
 - Level 3.6 Fighting
 - Level 2.6 Long Blades
 - Level 6.0 Axes
 + Level 3.8 Armour
 + Level 3.4 Shields


You had 5 spell levels left.
You didn't know any spells.
Your spell library was empty.

Dungeon Overview and Level Annotations

Branches:
Dungeon (3/15)

Altars:
Kikubaaqudgha
Xom


Innate Abilities, Weirdness & Mutations

Shadows flee at your approach. (+LOS)
You can swim through water.
You cover ground slowly.
You can hop short distances.


Message History

A rat comes into view.
You see here a giant cockroach corpse.
* * * LOW HITPOINT WARNING * * *
You feel very sick.
It was a potion of flight.
You feel very buoyant.
You fly up into the air.
* * * LOW HITPOINT WARNING * * *
You feel sick.
* * * LOW HITPOINT WARNING * * *
You feel sick.
* * * LOW HITPOINT WARNING * * *
You feel sick.
Okay, then.
There is a lethal amount of poison in your body!
* * * LOW HITPOINT WARNING * * *
You feel sick.
Things that are here:
a dagger of venom; a scroll labeled TOIQEV ECOEPRA You die...

.##..... .
......... #.
......... ###(
#........%..
#...###...........
#..#(.(...........
#.....#.#....... #
#..........#. ..
#.†@........
..##.##%.......###
#.............#
#.............##
#.#..#.........#
#. #..#....÷<...##
#..#####......# ..
#.##.#...# ...
...# ........


There were no monsters in sight!

Vanquished Creatures
  An ogre (D:2)
  Jessica (D:2)
  7 adders
  A worm (D:2)
  A dart slug (D:1)
  2 leopard geckos
  3 bats (D:1)
  A giant cockroach (D:3)
  6 goblins
  6 hobgoblins
  11 jackals
  3 kobolds
  A quokka (D:2)
  3 frilled lizards
  7 rats
54 creatures vanquished.

Notes
Turn   | Place    | Note
-------+----------+-------------------------------------------
     0 | D:1      | brik the Barachi Fighter began the quest for the Orb.
     0 | D:1      | Reached XP level 1. HP: 18/18 MP: 1/1
    75 | D:1      | Reached skill level 1 in Axes
    94 | D:1      | Reached XP level 2. HP: 21/24 MP: 2/2
   251 | D:1      | Reached skill level 2 in Axes
   505 | D:1      | Reached XP level 3. HP: 29/29 MP: 3/3
   775 | D:2      | Reached skill level 3 in Axes
   785 | D:2      | Found an ancient bone altar of Kikubaaqudgha.
  1197 | D:2      | Reached XP level 4. HP: 28/36 MP: 4/4
  1292 | D:2      | Reached skill level 4 in Axes
  1639 | D:2      | Noticed Jessica
  1651 | D:2      | Killed Jessica
  1651 | D:2      | Reached XP level 5. HP: 18/41 MP: 5/5
  1957 | D:2      | Reached skill level 5 in Axes
  1959 | D:2      | Found a shimmering altar of Xom.
  2103 | D:3      | Noticed an ogre
  2118 | D:2      | Killed an ogre
  2118 | D:2      | Reached skill level 6 in Axes
  2368 | D:3      | Reached XP level 6. HP: 35/47 MP: 6/6
  2411 | D:3      | HP: 2/47 [poisoned by a goblin]
  2412 | D:3      | Succumbed to a goblin's poison

Skill      XL: |  1  2  3  4  5 |
---------------+----------------+-----
Axes           | 1 2 3 4 6 |  6.0
Fighting       | |  3.6
Long Blades    | |  2.6
Armour         | |  3.8
Shields        | |  3.4

Action                   |  1- 3 |  4- 6 || total
-------------------------+-------+-------++-------
Melee: Hand axe          |    79 |    79 ||   158
       Long sword        |     4 |       ||     4
Throw: Tomahawk          |       |     3 ||     3
  Use: Scroll            |     5 |       ||     5
       Potion            |       |     3 ||     3
  Eat: Chunk             |     7 |     6 ||    13
Armor: Scale mail        |    35 |    59 ||    94
Dodge: Dodged            |    34 |    24 ||    58
Block: Shield            |    43 |    48 ||    91
